 Dungeon Crawl Stone Soup version 0.29-a0-474-gdfe5cd140f (webtiles) character file.

Game seed: 13957396826062782946

55318 lunkers the Lord of Darkness (level 14, -7/108 HPs)
             Began as a Vampire Necromancer on May 23, 2022.
             Was the Champion of Kikubaaqudgha.
             Killed by divine providence
             ... invoked by an orc high priest
              (16 damage)
             ... on level 2 of the Orcish Mines.
             The game lasted 00:59:36 (22070 turns).

lunkers the Lord of Darkness (Vampire Necromancer) Turns: 22070, Time: 00:59:37

Health: -7/108     AC: 12    Str:  7    XL:     14   Next: 37%
Magic:  15/37      EV: 17    Int: 23    God:    Kikubaaqudgha [******]
Gold:   1830       SH:  7    Dex: 14    Spells: 4/33 levels left

rFire   + . .      SeeInvis +   F - +8 hand axe "Jare Kegg" {vorpal, Stlth+}
rCold   . . .      Faith    .   X - +2 buckler
rNeg    . . .      Spirit   .   k - +0 steam dragon scales
rPois   .          Reflect  .   B - +2 helmet
rElec   .          Harm     .   H - +1 cloak
rCorr   .          Rampage  .   (no gloves)
Will    +....                   C - +1 pair of boots
Stlth   +++++.....              h - amulet of regeneration
HPRegen 1.28/turn               y - ring of magical power
MPRegen 0.25/turn               N - ring of protection from fire

@: about to teleport, death channelling, marked, healing quickly
A: alive, fangs 3, see invisible, vampiric 2
a: Exsanguinate, Renounce Religion, Unearth Wretches, Torment


You were on level 2 of the Orcish Mines.
You worshipped Kikubaaqudgha.
Kikubaaqudgha was exalted by your worship.
You visited 4 branches of the dungeon, and saw 18 of its levels.
You also visited: Ossuary and Volcano.

You collected 1830 gold pieces.

Inventory:

Hand Weapons
 j - a +3 short sword
 m - a +2 dagger of venom
 F - the +8 hand axe "Jare Kegg" (weapon) {vorpal, Stlth+}
   (You found it on level 5 of the Dungeon)

   It inflicts extra damage upon your enemies.
   Stlth:     It makes you more stealthy.
 J - a +4 short sword of freezing
Missiles
 T - 3 throwing nets
Armour
 k - +0 steam dragon scales (worn)
 q - a +0 kite shield
 B - a +2 helmet (worn)
 C - a +1 pair of boots (worn)
 H - a +1 cloak (worn)
 I - a +1 ring mail of fire resistance
 Q - a +0 troll leather armour
 W - a +1 leather armour of poison resistance
 X - a +2 buckler (worn)
Jewellery
 a - a +6 ring of strength
 h - an amulet of regeneration (around neck)
 y - a ring of magical power (left hand)
 z - a ring of positive energy
 N - a ring of protection from fire (right hand)
 R - a ring of magical power
 S - a ring of flight
Wands
 l - a wand of iceblast (7)
 D - a wand of polymorph (3)
 G - a wand of mindburst (24)
 M - a wand of paralysis (4)
 O - a wand of flame (10)
Scrolls
 c - 2 scrolls of blinking
 g - 4 scrolls of amnesia
 n - 3 scrolls of enchant armour
 o - 2 scrolls of fear
 p - 2 scrolls of poison
 r - 7 scrolls of teleportation
 w - 2 scrolls of fog
 x - 5 scrolls of enchant weapon
 K - 3 scrolls of magic mapping
 L - 2 scrolls of identify
Potions
 b - 4 potions of magic
 d - 2 potions of cancellation
 e - 2 potions of invisibility
 f - 8 potions of curing
 i - 2 potions of brilliance
 s - 7 potions of attraction
 t - 5 potions of heal wounds
 u - 3 potions of might
 v - 4 potions of flight
 A - 6 potions of ambrosia
 E - 3 potions of haste
 P - a potion of mutation
 U - a potion of berserk rage
Miscellaneous
 V - a condenser vane


   Skills:
 + Level 9.1 Fighting
 + Level 11.1 Dodging
 - Level 9.0 Stealth
 - Level 4.0 Shields
 + Level 10.4 Spellcasting
 * Level 17.4 Necromancy
 - Level 7.3 Earth Magic


You had 4 spell levels left.
You knew the following spells:

 Your Spells              Type           Power      Damage    Failure   Level
a - Necrotize             Necr           100%       1d9       0%          1
b - Vampiric Draining     Necr           75%        2d11      0%          3
c - Animate Dead          Necr           75%        N/A       1%          4
d - Anguish               Hex/Necr       25%        N/A       1%          4
e - Death Channel         Necr           37%        N/A       1%          6
f - Borgnjor's Vile Clut  Necr/Erth      31%        N/A       1%          5
g - Dispel Undead         Necr           75%        3d25      1%          4
h - Passwall              Tmut/Erth      23%        N/A       2%          2

Your spell library contained the following spells:

 Spells                   Type           Power      Damage    Failure   Level
 Sublimation of Blood     Necr           75%        N/A       0%          2
 Apportation              Tloc           22%        N/A       7%          1
 Foxfire                  Conj/Fire      44%        2x1d6     7%          1
 Summon Small Mammal      Summ           44%        N/A       7%          1
 Blink                    Tloc           22%        N/A       11%         2
 Call Canine Familiar     Summ           11%        N/A       21%         3
 Conjure Flame            Conj/Fire      11%        6-21      21%         3
 Frozen Ramparts          Ice            22%        1d4       21%         3
 Inner Flame              Hex/Fire       11%        N/A       21%         3
 Summon Guardian Golem    Hex/Summ       11%        N/A       21%         3
 Airstrike                Air            5%         N/A       56%         4
 Flame Wave               Conj/Fire      11%        2d5       56%         4
 Ice Form                 Ice/Tmut       11%        N/A       56%         4
 Olgreb's Toxic Radiance  Pois           11%        N/A       56%         4
 Summon Ice Beast         Ice/Summ       11%        N/A       56%         4
 Summon Lightning Spire   Summ/Air       11%        N/A       56%         4
 Agony                    Necr           75%        N/A       1%          5
 Simulacrum               Ice/Necr       25%        N/A       30%         6
 Infestation              Necr           37%        N/A       34%         8
 Haunt                    Necr/Summ      25%        N/A       86%         7
 Lightning Bolt           Conj/Air       5%         1d17      88%         5
 Manifold Assault         Tloc           11%        N/A       88%         5
 Summon Forest            Summ/Tloc      5%         N/A       88%         5
 Iron Shot                Conj/Erth      14%        9d4       93%         6
 Dispersal                Tloc           5%         N/A       100%        6
 Ozocubu's Refrigeration  Ice            5%         4d6       100%        7
 Storm Form               Tmut/Air       5%         N/A       100%        7
 Ignition                 Fire           5%         3d4       100%        8
 Borgnjor's Revivificati  Necr           Unusable   N/A       N/A         8
 Death's Door             Necr           Unusable   N/A       N/A         9
 Necromutation            Tmut/Necr      Unusable   N/A       N/A         8

Dungeon Overview and Level Annotations

Branches:
Dungeon (9/15)             Temple (1/1) D:6            Lair (6/6) D:8
  Swamp (0/4) Lair:4        Snake (0/4) Lair:4        Slime (0/5) Lair:5
    Orc (2/2) D:9             Elf (0/3) Orc:2       Ossuary (visited)
Volcano (visited)

Altars:
Ashenzari
Cheibriados
Dithmenos
Elyvilon
Fedhas
Gozag
Hepliaklqana
Kikubaaqudgha
Makhleb
Nemelex Xobeh
Okawaru
Qazlal
Ru
Sif Muna
Trog
Uskayaw
Vehumet
Wu Jian
Xom
Yredelemnul
Zin
The Shining One
Beogh
Jiyva

Shops:
D:5 :*

Portals:
Abyss: Lair:1

Annotations:
D:7 3 runed translucent doors, turdburglar's ghost, novice GnHu
Lair:1 2 transporters, Josh2000's ghost, novice MiFi
Orc:1 3 runed translucent doors, jejorda2's ghost, journeyman MfFi


Innate Abilities, Weirdness & Mutations

Your natural rate of healing is accelerated.
You have razor-sharp teeth.
You have supernaturally acute eyesight. (SInv)
You are afflicted with vampirism and can become a bat while bloodless.


Message History

Confirm with . or Enter, or press ? or * to list all spells.
Aiming: Borgnjor's Vile Clutch (mildly dangerous; 1% risk of failure)
Press: ? - help, Shift-Dir - straight line, f - orc knight
Aim: an orc knight, wielding a +2 war axe and wearing a +0 plate armour (strong, 100% to hit)
Zombie hands grab the orc knight.
The zombie hands constrict the orc knight.
The orc knight hits you with a +2 war axe!
* * * LOW HITPOINT WARNING * * *
Unknown command.
Unknown command.
The sun demon attacks as you move away! The sun demon hits you.
* * * LOW HITPOINT WARNING * * *
You are engulfed in flames.
You resist.
* * * LOW HITPOINT WARNING * * *
The zombie hands constrict the orc knight.
The orc knight escapes!
Things that are here:
a +0 long sword; a +0 plate armour; an orc corpse The sun demon hits you.
* * * LOW HITPOINT WARNING * * *
You are engulfed in flames!
You resist.
* * * LOW HITPOINT WARNING * * *
The smoke demon gestures at you. Beogh smites you!
* * * LOW HITPOINT WARNING * * *
As you read the scroll of teleportation, it crumbles to dust.
You feel strangely unstable.
The sun demon hits you but does no damage.
The orc knight pulls the alarm!
The alarm trap emits a blaring wail!
A sentinel's mark forms upon you.
You hear a shout!
Unknown command.
The soul eater draws from the surrounding life force!
* * * LOW HITPOINT WARNING * * *
Unknown command.
The orc high priest mumbles some strange prayers to Beogh against you.
Beogh smites you!
You die...
Kikubaaqudgha rasps: "You have failed me!
Welcome... death!"

##....Z.## ..........
#..)..3o.##...........
#.)÷).##3)..##.........$.
#....# ##..o##..........##
..o÷o #.oo.#...........#.
.÷÷o ##.).)............#
.o.. #)...Z...........# ...
#..)...o.......... ...
###.....3@..........
#.#...)..............#
##.....)..............#
#......)..........#...#
#..#..................#
###.....................#
###.......................##
#............).............#
##...............)........#


You could see 2 orc knights, 2 orc high priests, a sun demon (summoned), an orc
priest (strong) and a friendly spectral orc sorcerer.

Vanquished Creatures
  A fire dragon (Lair:6)
  4 hydras
  A death yak (Lair:6)
  An orc high priest (Orc:2)
  A salamander mystic (Volcano)
  A swamp dragon (Lair:6)
  A bog body (Lair:4)
  3 orc knights
  A lindwurm (Lair:6)
  A wolf spider (Lair:6)
  3 orc sorcerers
  A salamander (Volcano)
  2 elephants
  An oklob plant (Lair:4)
  13 black mambas
  2 molten gargoyles (Volcano)
  11 cane toads
  2 rime drakes
  10 komodo dragons
  A queen bee (D:9)
  2 trolls
  2 polar bears
  3 hornets (Lair:6)
  2 dream sheep (Lair:6)
  3 blink frogs (Lair:5)
  Grinder (D:5)
  Sigmund (D:3)
  A shadow (D:9)
  30 yaks
  14 wyverns
  5 basilisks
  Eustachio (D:4)
  4 wargs
  A redback (Lair:6)
  5 steam dragons
  4 swamp worms (Lair:4)
  An acid dragon (Lair:6)
  20 water moccasins
  2 swamp drakes (Lair:6)
  An ice beast (D:7)
  23 orc warriors
  8 black bears
  4 sky beasts
  5 ogres
  7 wolves (Lair:2)
  3 centaurs
  2 kobold brigands
  14 bullfrogs
  A gnoll sergeant (D:9)
  A necrophage (D:8)
  9 scorpions
  14 wights
  26 killer bees (D:9)
  5 howler monkeys
  An electric eel (Lair:4)
  A centaur zombie (Ossuary)
  3 lava snakes (Volcano)
  3 human zombies (Ossuary)
  3 jellies
  Crazy Yiuf (D:5)
  11 orc priests
  2 hounds
  Terence (D:3)
  10 iguanas
  5 scorpion zombies (Ossuary)
  13 orc wizards
  4 hell rats (Lair:5)
  3 mummies (Ossuary)
  Robin (D:2)
  10 gnolls
  7 adders
  3 white imps
  5 ufetubi
  2 worms (D:2)
  A dart slug (D:4)
  59 orcs
  11 endoplasms
  A giant cockroach (D:4)
  15 goblins
  8 hobgoblins
  3 quokkas
  6 ball pythons
  10 bats
  5 frilled lizards
  3 gnoll zombies (Ossuary)
  2 goblin zombies (Ossuary)
  16 kobolds
  An orc zombie (Ossuary)
  6 rats
522 creatures vanquished.

Vanquished Creatures (collateral kills)
  3 death yaks (Lair:6)
  A hell knight (Volcano)
  2 salamanders (Volcano)
  3 elephants (Lair:6)
  2 black mambas (Lair:6)
  A guardian serpent (Lair:6)
  A cane toad (Lair:2)
  2 komodo dragons (Lair:6)
  2 dream sheep (Lair:6)
  5 blink frogs (Lair:2)
  14 yaks
  A water moccasin (Lair:2)
  A wolf (Lair:2)
  A bullfrog (D:7)
  An orc priest (Orc:2)
  2 orc wizards
  2 hell rats (Lair:5)
  An adder (D:2)
  5 orcs (Orc:2)
  An endoplasm (D:1)
  A goblin (D:2)
  A hobgoblin (D:4)
  2 ball pythons
  A rat (D:2)
56 creatures vanquished.

Vanquished Creatures (others)
  A wight (D:8)
  An iguana (Lair:6)
  An orc wizard (Orc:2)
  73 fungi
  107 plants
183 creatures vanquished.

Grand Total: 761 creatures vanquished

Notes
Turn   | Place    | Note
-------+----------+-------------------------------------------
     0 | D:1      | lunkers the Vampire Necromancer began the quest for the
                  | Orb.
     0 | D:1      | Reached XP level 1. HP: 13/13 MP: 3/3
   155 | D:1      | Reached XP level 2. HP: 19/19 MP: 0/5
   338 | D:1      | Found a faded altar of an unknown god.
   423 | D:1      | Reached skill level 5 in Necromancy
   883 | D:1      | Gained mutation: You are afflicted with vampirism and can
                  | become a bat while bloodless. [Vampire growth]
   883 | D:1      | Reached XP level 3. HP: 24/24 MP: 4/6
  1060 | D:1      | Learned a level 3 spell: Vampiric Draining
  1467 | D:2      | Reached XP level 4. HP: 30/30 MP: 1/8
  1675 | D:2      | Found a shimmering altar of Xom.
  1676 | D:2      | Noticed Robin
  1795 | D:2      | Killed Robin
  1796 | D:2      | Reached skill level 6 in Necromancy
  2216 | D:3      | Found a sparkling altar of Nemelex Xobeh.
  2487 | D:3      | Noticed Terence
  2490 | D:3      | Killed Terence
  2491 | D:3      | Reached XP level 5. HP: 35/35 MP: 5/9
  2496 | D:3      | Learned a level 4 spell: Animate Dead
  2671 | D:3      | Noticed Sigmund
  2688 | D:3      | Killed Sigmund
  2689 | D:3      | Reached skill level 7 in Necromancy
  2689 | D:3      | Reached XP level 6. HP: 31/41 MP: 1/11
  3245 | D:4      | Noticed Eustachio
  3288 | D:4      | Killed Eustachio
  3399 | D:4      | Reached skill level 8 in Necromancy
  3407 | D:4      | Reached XP level 7. HP: 33/46 MP: 8/13
  3607 | D:4      | Found a large runed translucent door.
  3608 | D:4      | Found a large runed translucent door.
  3622 | D:4      | Found a sand-covered staircase.
  3645 | Ossuary  | Entered an ossuary
  3853 | Ossuary  | Reached skill level 9 in Necromancy
  3899 | Ossuary  | Reached skill level 5 in Spellcasting
  4056 | Ossuary  | Reached XP level 8. HP: 28/53 MP: 15/15
  4162 | Ossuary  | Reached skill level 1 in Fighting
  5121 | D:4      | Found a shimmering altar of Xom.
  5229 | D:4      | Reached skill level 10 in Necromancy
  5269 | D:4      | Reached skill level 5 in Stealth
  5461 | D:5      | Entered Level 5 of the Dungeon
  5613 | D:5      | Noticed Grinder
  5626 | D:5      | Killed Grinder
  5627 | D:5      | Reached XP level 9. HP: 55/62 MP: 17/17
  5713 | D:5      | Found Wammuof's Book Emporium.
  6482 | D:5      | Identified the +8 hand axe "Jare Kegg" {vorpal, Stlth+}
  6562 | D:5      | Found a runed translucent door.
  6563 | D:5      | Noticed Crazy Yiuf
  6580 | D:5      | Found Diablil's Assorted Antiques.
  6870 | D:5      | Killed Crazy Yiuf
  7097 | D:6      | Found a staircase to the Ecumenical Temple.
  7578 | Temple   | Entered the Ecumenical Temple
  7642 | Temple   | Became a worshipper of Kikubaaqudgha
  8083 | D:7      | Reached skill level 11 in Necromancy
  8156 | D:7      | Reached skill level 5 in Dodging
  8651 | D:7      | Found a runed translucent gate.
  8651 | D:7      | Found a runed translucent gate.
  8652 | D:7      | Found a runed translucent gate.
  8653 | D:7      | Noticed turdburglar's ghost (novice GnHu)
  8653 | D:7      | Noticed a kobold demonologist
  8907 | D:6      | Noticed a rust devil
  8907 | D:6      | Noticed a rust devil
  8917 | D:7      | Reached * piety under Kikubaaqudgha
  8917 | D:7      | Received a gift from Kikubaaqudgha
  8918 | D:7      | Reached XP level 10. HP: 35/70 MP: 19/19
  8928 | D:7      | Learned a level 4 spell: Anguish
  9478 | D:8      | Found a staircase to the Lair.
  9498 | D:8      | Reached skill level 12 in Necromancy
  9923 | D:9      | Reached ** piety under Kikubaaqudgha
  9980 | D:9      | Reached skill level 5 in Fighting
 10556 | D:9      | Reached skill level 13 in Necromancy
 10590 | D:9      | Reached *** piety under Kikubaaqudgha
 10590 | D:9      | Received a gift from Kikubaaqudgha
 10597 | D:9      | Reached XP level 11. HP: 51/80 MP: 22/22
 10608 | D:9      | Learned a level 6 spell: Death Channel
 10614 | D:9      | Learned a level 5 spell: Borgnjor's Vile Clutch
 10738 | D:9      | Found a staircase to the Orcish Mines.
 11073 | D:9      | Reached skill level 1 in Earth Magic
 11277 | Lair:1   | Entered Level 1 of the Lair of Beasts
 11599 | Lair:1   | Found a transporter.
 11611 | Lair:1   | Found a transporter.
 11611 | Lair:1   | Noticed a white ugly thing
 11612 | Lair:1   | Noticed a brown ugly thing
 11612 | Lair:1   | Noticed a spriggan rider
 11612 | Lair:1   | Noticed Josh2000's ghost (novice MiFi)
 11613 | Lair:1   | Noticed a thrashing horror
 11618 | Lair:1   | Noticed a wretched star
 11625 | Lair:1   | Found a one-way gate to the infinite horrors of the Abyss.
 11812 | Lair:1   | Noticed a soul eater
 12556 | Lair:2   | Reached skill level 14 in Necromancy
 12568 | Lair:2   | Reached **** piety under Kikubaaqudgha
 12780 | Lair:2   | Got Maqor's Almanac of Ashen Necromancy
 13053 | Lair:2   | Identified the +1 chain mail "Faech" {Int+4}
 13411 | Lair:3   | Noticed an eight-headed hydra
 13482 | Lair:3   | Reached XP level 12. HP: 89/89 MP: 24/24
 13522 | Lair:3   | Killed an eight-headed hydra
 13523 | Lair:3   | Reached skill level 1 in Shields
 14488 | Lair:4   | Found a dark tunnel.
 14493 | Volcano  | Entered a volcano
 14571 | Volcano  | Found a burning altar of Makhleb.
 14722 | Volcano  | Reached skill level 15 in Necromancy
 14952 | Lair:4   | Noticed a five-headed hydra
 14964 | Lair:4   | Killed a five-headed hydra
 14965 | Lair:4   | Reached skill level 5 in Earth Magic
 15132 | Lair:4   | Found a staircase to the Snake Pit.
 15634 | Lair:4   | Noticed an eight-headed hydra
 15637 | Lair:4   | Reached ***** piety under Kikubaaqudgha
 15658 | Lair:4   | Killed an eight-headed hydra
 15886 | Lair:4   | Reached XP level 13. HP: 88/97 MP: 18/26
 16006 | Lair:4   | Found a staircase to the Swamp.
 16024 | Lair:4   | Learned a level 4 spell: Dispel Undead
 16027 | Lair:4   | Learned a level 2 spell: Passwall
 16562 | Lair:5   | Found a snail-covered altar of Cheibriados.
 16637 | Lair:5   | You fall into a shaft and drop 1 floor!
 16637 | Lair:6   | Entered Level 6 of the Lair of Beasts
 16848 | Lair:5   | Found a viscous altar of Jiyva.
 16848 | Lair:5   | Found a staircase to the Slime Pits.
 17758 | Lair:6   | Reached skill level 16 in Necromancy
 17767 | Lair:6   | Reached skill level 10 in Dodging
 17894 | Lair:6   | Got the Disquisition on the Burning Voyage
 18538 | Lair:6   | Paralysed by a hornet for 3 turns
 19215 | Lair:6   | Reached skill level 10 in Spellcasting
 19294 | Lair:6   | Reached XP level 14. HP: 106/106 MP: 18/28
 19899 | Lair:6   | Reached skill level 17 in Necromancy
 20439 | Orc:1    | Entered Level 1 of the Orcish Mines
 20481 | Orc:1    | Reached ****** piety under Kikubaaqudgha
 20483 | Orc:1    | Received a gift from Kikubaaqudgha
 20812 | Orc:1    | Found a runed translucent gate.
 20812 | Orc:1    | Found a runed translucent gate.
 20812 | Orc:1    | Found a runed translucent gate.
 20813 | Orc:1    | Noticed jejorda2's ghost (journeyman MfFi)
 20985 | Orc:2    | Entered Level 2 of the Orcish Mines
 21307 | Orc:2    | Found a staircase to the Elven Halls.
 22070 | Orc:2    | Killed from afar by an orc high priest

Illustrated notes

Levels and vault maps discovered:
D:1:      roderic_crossed_star, layout_basic,
          hellmonk_ecumenical_altar_slurped_away
D:2:      layout_loops_ring, basic_altar, st_stairs_5, uniq_robin
D:3:      layout_basic, mainiacjoe_overflow_concentric_impassable, uniq_sigmund,
          uniq_terence
D:4:      due_chaos_kobolds, layout_basic, enter_ossuary_2,
          kennysheep_generic_room_14, uniq_eustachio
D:5:      layout_basic, serial_co_window_serial, co_window_paths_a,
          co_window_paths_a, co_window_paths_a, co_window_paths_a,
          co_window_paths_a, co_window_paths_a, co_window_of_opportunity_a,
          co_window_corner_cb, co_window_2corner, co_window_corner_cb,
          co_window_paths_d, co_window_paths_e, glass_columns_c, serial_shops,
          nicolae_shop_statue_plus, nicolae_stop_n_shop_1,
          chequers_serial_rivers_micro_a, uniq_crazy_yiuf_cottage, uniq_grinder
D:6:      cheibrodos_iron_armory, layout_cave_pods, temple_statues
D:7:      layout_basic, gammafunk_ghost_nasty_kobolds,
          chequers_serial_rivers_micro_d, minmay_bent
D:8:      layout_basic, due_lair_maze_entry_diamond
D:9:      layout_roguey [special_room_orc], orc_0_dummy, minivault_16,
          minivault_7
Temple:   grunt_wide_crystal_templ
Lair:1:   layout_long_grid, gammafunk_ghost_abyssal_escape
Lair:2:   layout_regular_city
Lair:3:   layout_regular_city
Lair:4:   layout_loops_ring, nicolae_swamp_entry_splash_gauntlet,
          minmay_snake_entry_six_corridors, enter_volcano_4,
          chequers_serial_rivers_micro_a, chequers_serial_rivers_room_a
Lair:5:   layout_regular_city, dpeg_slime_entry_enclosed_altar,
          lemuel_altar_in_water2
Lair:6:   hangedman_lair_tendril_chambers, layout_hall_layers,
          guppyfry_lair_end_dragon
Orc:1:    layout_caves, ebering_ghost_rock_garden, basic_altar
Orc:2:    grunt_orc_tribal_feast, layout_caves

Skill      XL: |  1  2  3  4  5  6  7  8  9 10 11 12 13 14 |
---------------+-------------------------------------------+-----
Necromancy     | 5 6 7 8 9 10 11 13 14 15 16 17 | 17.4
Spellcasting   | 3 4 5 6 7 8 9 10 | 10.4
Fighting       | 2 3 5 6 7 8 9 |  9.1
Dodging        | 4 5 6 8 9 10 11 | 11.1
Stealth        | 5 7 9 |  9.0
Earth Magic    | 3 5 7 |  7.3
Shields        | 3 4 |  4.0

Action                   |  1- 3 |  4- 6 |  7- 9 | 10-12 | 13-15 || total
-------------------------+-------+-------+-------+-------+-------++-------
Melee: Unarmed           |     1 |    10 |       |       |       ||    11
       Bite              |     1 |     4 |    96 |    45 |    38 ||   184
       Dagger            |       |    28 |   427 |       |       ||   455
       Punch             |       |     1 |    10 |     4 |       ||    15
       Hand axe          |       |       |    88 |   356 |   215 ||   659
 Cast: Necrotize         |    68 |    76 |   104 |   135 |    52 ||   435
       Vampiric Draining |       |     1 |    28 |    63 |    19 ||   111
       Anguish           |       |       |       |     1 |     1 ||     2
       Borgnjor's Vile C |       |       |       |    58 |   141 ||   199
       Death Channel     |       |       |       |     9 |    11 ||    20
Invok: Receive Forbidden |       |       |       |       |     1 ||     1
Evoke: Wand              |       |       |     4 |     6 |     3 ||    13
  Use: Scroll            |       |       |    21 |     5 |     4 ||    30
       Potion            |       |       |     2 |     1 |       ||     3
 Stab: Sleeping          |       |       |     3 |     7 |     1 ||    11
       Distracted        |       |       |       |       |     1 ||     1
Armor: Robe              |     1 |    11 |    80 |    21 |       ||   113
       Steam dragon scal |       |       |       |   185 |   112 ||   297
       Skin              |       |       |       |    55 |       ||    55
Dodge: Dodged            |     3 |    53 |   330 |   468 |   340 ||  1194
Block: Buckler           |       |       |       |    19 |   115 ||   134

Table legend: (Time is in decaauts)
 A = Elapsed time spent in this place.
 B = Non-inter-level travel time spent in this place.
 C = Inter-level travel time spent in this place.
 D = Time resting spent in this place.
 E = Time spent auto-exploring this place.
 F = Levels seen in this place.
 G = Mean time per level.
                   A        B        C        D        E       F      G
               +--------+--------+--------+--------+--------+-----+--------+
         Total |  22325 |  21414 |    911 |    518 |  15913 |  20 | 1116.2 |
       Dungeon |  10511 |  10044 |    467 |    283 |   7691 |   9 | 1167.9 |
        Temple |     81 |     60 |     21 |      0 |     37 |   1 |   81.0 |
          Lair |   8845 |   8461 |    384 |    199 |   6581 |   6 | 1474.2 |
  Orcish Mines |   1652 |   1615 |     37 |      0 |   1116 |   2 |  826.0 |
       Ossuary |    839 |    839 |      0 |     36 |    268 |   1 |  839.0 |
       Volcano |    394 |    394 |      0 |      0 |    220 |   1 |  394.0 |
               +--------+--------+--------+--------+--------+-----+--------+

Top non-repeatable levels by time:
  Lair:6: 2604 daAuts
     D:5: 1584 daAuts
  Lair:5: 1527 daAuts
  Lair:4: 1508 daAuts
     D:9: 1496 daAuts
     D:4: 1366 daAuts
     D:2: 1137 daAuts
  Lair:1: 1123 daAuts
  Lair:2: 1110 daAuts
   Orc:2: 1096 daAuts
     D:1: 1071 daAuts
     D:7: 1069 daAuts
     D:3: 1044 daAuts
  Lair:3: 972 daAuts
     D:6: 951 daAuts
